Map: [ESL] Site Delta

Players

SHIN

  • Race: Zerg Zerg
  • Spawn Location: 5:00

Maru - Winner!

  • Race: Terran Terran
  • Spawn Location: 11:00

Event: ESL Spring 2024 Finals

VOD

Have the link to the VOD?

Description

Time

  • Played on: May 31, 2024, 11:20 a.m.
  • Length: 9:08

All games in this series

Show
View Real Time Build Order
Export as new Build Order

SHIN Zerg 

Build Orders: Hatch First 

Get SALT Encoding   

  12  0:00  Drone  
  13  0:12  Overlord  
  13  0:16  Drone  
  14  0:30  Drone  
  14  0:31  Drone  
  16  0:48  Hatchery  
  15  0:51  Drone  
  15  0:54  Drone  
  17  0:57  Drone  
  18  1:09  Extractor  
  17  1:13  Spawning Pool  
  17  1:16  Drone  
  17  1:19  Drone  
  18  1:28  Drone  
  19  1:39  Drone  
  20  1:50  Drone  
  21  2:00  Queen x2  
  21  2:01  Zergling x4  
  27  2:11  Overlord  
  27  2:12  Drone  
  28  2:24  Hatchery, Drone  
  29  2:30  Drone  
  29  2:33  Drone x2  
  31  2:39  Queen  
  33  2:44  Metabolic Boost  
  33  2:49  Overlord  
  33  2:51  Drone  
  34  2:53  Drone  
  34  2:56  Drone  
  36  3:06  Queen  
  36  3:07  Drone x2  
  36  3:09  Drone  
  36  3:12  Drone x2  
  43  3:15  Overlord  
  43  3:24  Drone  
  43  3:27  Overlord  
  44  3:33  Queen  
  46  3:35  Queen  
  46  3:36  Drone x2  
  46  3:39  Drone  
  51  3:42  Drone x3  
  51  3:48  Drone x3  
  57  3:53  Drone x4  
  61  3:57  Overlord  
  61  4:03  Drone  
  61  4:04  Queen  
  61  4:07  Overlord  
  64  4:10  Queen  
  64  4:15  Queen  
  64  4:16  Drone  
  69  4:21  Drone x4  
  69  4:22  Drone  
  74  4:25  Zergling x4  
  74  4:28  Zergling x6  
  79  4:34  Spore Crawler  
  79  4:35  Spore Crawler  
  79  4:36  Drone  
  79  4:37  Drone, Extractor  
  79  4:38  Drone  
  79  4:39  Spore Crawler  
  79  4:41  Drone  
  79  4:43  Drone x2  
  79  4:44  Drone  
  82  4:46  Overlord  
  82  4:47  Overlord  
  84  4:52  Evolution Chamber  
  84  4:54  Overlord, Evolution Chamber  
  84  4:58  Overlord, Extractor  
  81  5:03  Overlord  
  81  5:04  Queen  
  81  5:05  Zergling x6  
  86  5:08  Zergling x2  
  86  5:12  Zergling x4  
  86  5:14  Drone x2  
  91  5:15  Zergling x2  
  91  5:18  Zergling x2  
  91  5:19  Zergling x4, Zerg Melee Weapons Level 1  
  91  5:20  Zerg Ground Armor Level 1  
  95  5:21  Drone  
  95  5:22  Drone  
  95  5:24  Drone  
  95  5:25  Drone x2  
  100  5:31  Hatchery  
  100  5:33  Drone x2  
  100  5:34  Lair  
  101  5:37  Baneling Nest  
  101  5:39  Zergling x2  
  101  5:43  Overlord  
  101  5:44  Zergling x2  
  101  5:45  Zergling x4  
  101  5:46  Zergling x2  
  105  5:55  Drone x5  
  110  5:57  Extractor x2  
  110  6:01  Hatchery, Zergling x2  
  108  6:06  Zergling x4  
  108  6:10  Overlord  
  110  6:16  Spore Crawler, Zergling x2  
  109  6:19  Zergling x2  
  109  6:21  Baneling x12  
  109  6:23  Zergling x10  
  115  6:29  Zergling x14  
  122  6:37  Drone  
  123  6:41  Drone x2  
  123  6:43  Drone  
  123  6:45  Centrifugal Hooks  
  123  6:46  Drone  
  127  6:48  Baneling x3  
  127  6:49  Baneling  
  127  6:51  Drone x4  
  127  6:53  Drone x2  
  132  6:56  Hydralisk Den  
  132  7:01  Overlord  
  129  7:02  Overlord x7  
  129  7:16  Zergling x10  
  129  7:19  Baneling x7  
  129  7:21  Zergling x6  
  137  7:25  Zergling x10  
  137  7:29  Zergling x4  
  143  7:30  Baneling  
  143  7:31  Baneling x5  
  143  7:32  Zergling x8  
  147  7:39  Baneling x2, Zergling x8  
  147  7:40  Baneling x3  
  151  7:45  Hatchery  
  151  7:47  Zergling x8  
  150  7:54  Zergling x6  
  152  7:58  Zergling x10  
  152  8:02  Zergling x6  
  152  8:03  Baneling x11  
  160  8:08  Zergling x10  
  158  8:14  Zergling x18  
  164  8:22  Zergling x2  
  142  8:27  Zergling x8  
  142  8:32  Zergling x8  
  142  8:33  Baneling x11  
  142  8:34  Baneling x5, Zergling x2  
  128  8:37  Baneling x4  
  128  8:38  Zergling x6  
  128  8:40  Zergling x2  
  131  8:46  Zergling x4  
Show
View Real Time Build Order
Export as new Build Order

Maru Terran - Winner!

Build Orders: Reaper Expand 

Get SALT Encoding   

  12  0:00  SCV  
  13  0:12  SCV  
  14  0:17  Supply Depot  
  14  0:24  SCV  
  15  0:38  SCV  
  15  0:40  Barracks  
  15  0:42  Refinery  
  16  0:50  SCV  
  17  1:02  SCV  
  18  1:14  SCV  
  19  1:26  Orbital Command  
  19  1:27  Reaper  
  20  1:36  Command Center  
  20  1:46  Supply Depot  
  20  1:52  SCV  
  21  1:59  Marine  
  22  2:04  SCV  
  23  2:15  Command Center  
  23  2:18  Barracks Reactor  
  23  2:20  SCV  
  24  2:32  SCV  
  25  2:39  Barracks  
  25  2:44  SCV  
  25  2:47  Orbital Command, Barracks  
  26  2:54  Marine x2  
  28  2:58  SCV  
  29  3:11  SCV  
  29  3:12  Marine x2  
  30  3:13  SCV  
  33  3:23  SCV  
  33  3:25  SCV  
  33  3:26  Barracks Tech Lab  
  35  3:27  Orbital Command  
  35  3:32  Marine x2  
  35  3:33  Refinery  
  37  3:35  SCV, Barracks Reactor  
  37  3:37  SCV  
  39  3:42  Factory  
  39  3:44  Marine  
  39  3:45  Stimpack  
  39  3:46  Supply Depot  
  40  3:49  Marine  
  40  3:50  SCV, Marine  
  40  3:52  SCV  
  40  3:53  SCV  
  45  4:02  SCV, Marine  
  47  4:04  SCV  
  47  4:06  Refinery  
  47  4:07  Marine x2  
  47  4:09  Supply Depot  
  50  4:11  Marine x2  
  50  4:14  SCV  
  53  4:19  SCV  
  53  4:20  SCV, Marine  
  56  4:25  Marine x2  
  56  4:26  Factory Reactor  
  56  4:27  Starport  
  58  4:32  SCV, Engineering Bay  
  58  4:33  Engineering Bay  
  58  4:34  SCV  
  58  4:35  SCV  
  58  4:36  Marine  
  62  4:38  Marine  
  62  4:39  Marine  
  62  4:43  Marine  
  62  4:44  SCV  
  66  4:46  Supply Depot, SCV  
  66  4:49  SCV  
  66  4:52  Marine  
  69  4:57  SCV  
  69  4:58  SCV  
  69  4:59  Terran Infantry Weapons Level 1, Terran Infantry Armor Level 1  
  71  5:03  Refinery  
  71  5:04  Orbital Command  
  71  5:09  Supply Depot, SCV  
  71  5:11  SCV, Marine  
  74  5:15  Medivac x2  
  74  5:17  Factory Tech Lab  
  74  5:21  SCV  
  79  5:23  SCV  
  79  5:25  Barracks  
  79  5:26  Barracks  
  80  5:29  Marine x2  
  80  5:32  SCV  
  80  5:33  SCV  
  84  5:36  SCV  
  84  5:37  Supply Depot  
  84  5:39  Combat Shield  
  85  5:46  Siege Tank  
  85  5:47  Marine x2  
  90  5:50  SCV  
  90  5:53  Supply Depot  
  90  5:54  Supply Depot, Medivac  
  93  5:58  SCV x2  
  93  6:02  Armory  
  93  6:03  Medivac  
  97  6:08  Supply Depot, Marine x3  
  100  6:12  SCV  
  100  6:14  SCV x2  
  103  6:20  Supply Depot x2  
  103  6:22  Marine  
  103  6:23  Barracks Reactor  
  103  6:24  SCV, Barracks Reactor  
  105  6:27  Siege Tank  
  105  6:31  SCV x2  
  110  6:34  Medivac  
  110  6:36  SCV  
  113  6:43  Supply Depot, Barracks  
  113  6:44  Marine x2  
  113  6:45  Marine  
  116  6:47  Barracks x2  
  116  6:50  SCV  
  116  6:53  Marine x2  
  119  6:59  Supply Depot  
  117  7:02  Marine x6  
  117  7:03  Siege Tank  
  117  7:08  Medivac x2  
  129  7:10  Marine  
  129  7:11  Marine x2  
  132  7:15  SCV  
  132  7:19  Marine  
  132  7:22  Marine x4  
  136  7:25  Supply Depot  
  136  7:27  Refinery  
  138  7:31  Marine  
  138  7:32  Marine x3  
  138  7:34  Marine x2  
  138  7:37  Supply Depot  
  144  7:39  Marine  
  144  7:40  Marine x2  
  144  7:42  Marine x2  
  149  7:44  Marine  
  149  7:49  Marine x2  
  152  7:53  Supply Depot  
  152  7:56  Marine x4  
  152  7:57  Marine x2  
  152  7:58  Marine  
  159  7:59  Marine x2  
  159  8:02  Marine  
  159  8:04  Supply Depot  
  162  8:07  Marine x2  
  162  8:10  Siege Tank  
  166  8:14  Marine x4  
  166  8:15  Marine, Medivac x2  
  161  8:28  Marine x5  
  161  8:32  Marine x2  
  155  8:38  Command Center  
  155  8:41  Marine  
  155  8:46  Marine  
  155  8:47  Marine x4  
Tags
 
Add a new tag
Caveats
  • Supply blocks, unpowered buildings, or Contaminate may cause inaccurate times.
  • Supply counts are checked every 10 seconds.